 Dungeon Crawl Stone Soup version 0.30-a0-42-g806c11bf1d (webtiles) character file.

Game seed: 10413116900680476297

98 Newt the Cutter (level 4, -7/34 HPs)
             Began as a Demonspawn Gladiator on Aug 30, 2022.
             Was an Initiate of Okawaru.
             Killed by divine providence
             ... invoked by an orc priest
              (14 damage)
             ... on level 4 of the Dungeon.
             The game lasted 00:02:29 (2457 turns).

Newt the Cutter (Demonspawn Gladiator)              Turns: 2457, Time: 00:02:29

Health: -7/34      AC:  6    Str: 15    XL:     4   Next: 43%
Magic:  4/4        EV:  8    Int:  9    God:    Okawaru [......]
Gold:   279        SH: 11    Dex: 16    Spells: 3/3 levels left

rFire   . . .      SeeInvis .    i - +1 dagger (venom)
rCold   . . .      Faith    .    n - +0 tower shield
rNeg    + . .      Spirit   .    b - +0 leather armour
rPois   .          Reflect  .    c - +0 helmet
rElec   .          Harm     .    h - +1 cloak
rCorr   .          Rampage  .    (no gloves)
Will    .....                    (no boots)
Stlth   ++........               (no amulet)
HPRegen 0.11/turn                j - ring of positive energy
MPRegen 0.09/turn                (no ring)

@: no status effects
A: hooves 1, (demonic guardian 1)
a: Renounce Religion


You were on level 4 of the Dungeon.
You worshipped Okawaru.
Okawaru was noncommittal.
You visited 1 branch of the dungeon, and saw 4 of its levels.

You collected 279 gold pieces.

Inventory:

Hand Weapons
 a - a +0 rapier
 i - a +1 dagger of venom (weapon)
Missiles
 d - 3 throwing nets (quivered)
 e - 7 javelins
 o - 3 boomerangs
 r - 3 poisoned darts
Armour
 b - a +0 leather armour (worn)
 c - a +0 helmet (worn)
 h - a +1 cloak (worn)
 n - a +0 tower shield (worn)
Jewellery
 j - a ring of positive energy (left hand)
Scrolls
 g - 3 scrolls of enchant armour
Potions
 f - 2 potions of attraction
 k - a potion of invisibility {unknown}
 l - 2 potions of heal wounds
 m - a potion of curing {unknown}
 p - a potion of might {unknown}
 q - 2 potions of haste {unknown}


   Skills:
 + Level 2.6 Fighting
 - Level 4.0 Short Blades
 - Level 1.7 Throwing
 - Level 2.6 Dodging
 - Level 2.0 Stealth


You had 3 spell levels left.
You didn't know any spells.
Your spell library contained the following spells:

 Spells                   Type           Power      Damage    Failure   Level
 Dispersal                Tloc           0%         N/A       100%        6
 Disjunction              Tloc           0%         N/A       100%        8


Dungeon Overview and Level Annotations

Branches:
Dungeon (4/15)
 Temple: D:4-7

Altars:
Gozag
Hepliaklqana
Kikubaaqudgha
Okawaru
Wu Jian

Annotations:
D:3 3 runed translucent doors, dreadwin's ghost, amateur DENe


Innate Abilities, Weirdness & Mutations

You have large cloven feet.
((A weak demonic guardian rushes to your aid.))


Message History

You climb downwards.
Found 3 poisoned darts.
There is a stone staircase leading up here.
You now have 279 gold pieces (gained 12).
An orc comes into view. It is wielding a +0 mace.
An orc comes into view. It is wielding a +0 dagger.
An orc comes into view. It is wielding a +0 war axe.
The orc shouts!
You hear a shout!
An orc comes into view. It is wielding a +0 flail.
The orc shouts! x2
An orc comes into view. It is wielding a +0 trident.
There are no items here.
The orc shouts!
You see here 3 poisoned darts.
r - 3 poisoned darts An orc priest comes into view.
It is wielding a +0 hand axe.
The orc priest shouts!
You hit the orc.
The orc is poisoned.
The orc is moderately wounded.
You hear a shout! x2
You kill the orc!
Okawaru accepts your kill.
The orc priest calls down the wrath of Beogh upon you.
Beogh smites you!
You hit the orc but do no damage. The orc barely misses you.
You block the orc's attack.
The orc priest mumbles some strange prayers to Beogh against you.
Beogh smites you!
* * * LOW HITPOINT WARNING * * *
You hear a shout!
You are too injured to fight recklessly!
Unknown command.
The orc attacks as you move away! The orc hits you but does no damage. x2
The orc attacks as you move away! The orc hits you but does no damage.
The orc attacks as you move away! The orc hits you with a +0 mace.
* * * LOW HITPOINT WARNING * * *
The orc attacks as you move away! The orc hits you but does no damage.
The orc priest mumbles some strange prayers to Beogh against you.
Beogh smites you!
You die...

.........# ...
.........# ..#
.........##.## .
.......#...##.. #
............... #.
###.....o......
#..###.#............
....................
.#..#..@##.o.#......
#..##..##.o.)......
#......o..#####....
........o..# .#....
...........##.......
..............# .
...#.........##
...#.........#
...............


You could see an orc priest and 2 orcs.

Vanquished Creatures
  3 adders (D:3)
  A worm (D:3)
  A dart slug (D:1)
  2 orcs
  8 bats
  5 endoplasms
  A giant cockroach (D:1)
  6 hobgoblins
  4 jackals (D:3)
  2 quokkas
  5 ball pythons
  4 frilled lizards
  8 goblins
  8 kobolds
  6 rats
64 creatures vanquished.

Notes
Turn   | Place    | Note
-------+----------+-------------------------------------------
     0 | D:1      | Newt the Demonspawn Gladiator began the quest for the Orb.
     0 | D:1      | Reached XP level 1. HP: 16/16 MP: 1/1
   104 | D:1      | Reached skill level 1 in Stealth
   285 | D:2      | Gained mutation: You have large cloven feet. [demonic
                  | ancestry]
   285 | D:2      | Reached XP level 2. HP: 21/22 MP: 2/2
   498 | D:1      | Reached skill level 3 in Short Blades
   514 | D:1      | Found a faded altar of an unknown god.
   537 | D:1      | Gained mutation: A weak demonic guardian rushes to your
                  | aid. [demonic ancestry]
   537 | D:1      | Reached XP level 3. HP: 25/27 MP: 3/3
  1650 | D:3      | Found a runed translucent gate.
  1650 | D:3      | Found a runed translucent gate.
  1650 | D:3      | Found a runed translucent gate.
  1652 | D:3      | Found an opulent altar of Gozag.
  1652 | D:3      | Noticed an ice beast
  1764 | D:3      | Reached XP level 4. HP: 33/33 MP: 4/4
  1764 | D:3      | Found an iron altar of Okawaru.
  1764 | D:3      | Found a hazy altar of Hepliaklqana.
  1769 | D:3      | Reached skill level 4 in Short Blades
  1776 | D:3      | Found an ancient bone altar of Kikubaaqudgha.
  1783 | D:3      | Became a worshipper of Warmaster Okawaru
  1786 | D:3      | Found a faded altar of an unknown god.
  1788 | D:3      | Found an ornate altar of the Wu Jian Council.
  2410 | D:3      | Noticed dreadwin's ghost (amateur DENe)
  2457 | D:4      | Killed from afar by an orc priest

Illustrated notes

Levels and vault maps discovered:
D:1:      dpeg_arrival_shrine, layout_rooms, dreamdust_ecumenical_altar_statues
D:2:      layout_rooms, minmay_pentomino_x2
D:3:      layout_basic, chequers_temple_overflow_minitemple, ebering_ghost_gozag
D:4:      layout_cave_pools, uniq_sigmund

Skill      XL: |  1  2  3  4 |
---------------+-------------+-----
Stealth        | 1 2 |  2.0
Short Blades   | 3 4 |  4.0
Fighting       | |  2.6
Throwing       | |  1.7
Dodging        | |  2.6

Action                   |  1- 3 |  4- 6 || total
-------------------------+-------+-------++-------
Melee: Rapier            |    30 |       ||    30
       Dagger            |    97 |    29 ||   126
       Kick              |    17 |     5 ||    22
  Use: Scroll            |     5 |       ||     5
 Stab: Sleeping          |     2 |       ||     2
Armor: Leather armour    |    36 |    12 ||    48
Dodge: Dodged            |    88 |    11 ||    99
Block: Tower shield      |     8 |    17 ||    25

Table legend: (Time is in decaauts)
 A = Elapsed time spent in this place.
 B = Non-inter-level travel time spent in this place.
 C = Inter-level travel time spent in this place.
 D = Time resting spent in this place.
 E = Time spent auto-exploring this place.
 F = Levels seen in this place.
 G = Mean time per level.
                   A        B        C        D        E       F      G
               +--------+--------+--------+--------+--------+-----+--------+
         Total |   2458 |   2321 |    137 |      0 |   1910 |   4 |  614.5 |
       Dungeon |   2458 |   2321 |    137 |      0 |   1910 |   4 |  614.5 |
               +--------+--------+--------+--------+--------+-----+--------+

Top non-repeatable levels by time:
     D:3: 913 daAuts
     D:1: 893 daAuts
     D:2: 620 daAuts
     D:4: 30 daAuts
